 Dungeon Sprint DCSS version 0.18.1-6-gd335043 (webtiles) character file.

169 Etesian the Covert (level 5, -4/24 HPs)
             Began as a Spriggan Enchanter on May 17, 2016.
             Was an Initiate of Dithmenos.
             Slain by a spriggan
             ... wielding a +0 rapier
              (13 damage)
             ... in the Dungeon (Sprint IV: "Fedhas' Mad Dash").
             The game lasted 00:01:29 (319 turns).

Etesian the Covert (Spriggan Enchanter)              Turns: 319, Time: 00:01:29

Health: -4/24      AC:  6    Str:  4    XL:     5   Next: 25%
Magic:  11/11      EV: 18    Int: 17    God:    Dithmenos [......]
Gold:   63         SH:  0    Dex: 17    Spells: 1 memorised, 8 levels left

rFire  . . .     SeeInvis +     a - +1 dagger
rCold  . . .     Gourm    .     b - +1 robe
rNeg   . . .     Faith    .     (shield restricted)
rPois  .         Spirit   .     (helmet restricted)
rElec  .         Dismiss  .     k - +2 cloak {+Inv}
rCorr  .         Reflect  .     (gloves unavailable)
SustAt .         Harm     .     (boots unavailable)
MR     .....     NoTele   +     (no amulet)
Stlth  +++++++...               (no ring)
                                (no ring)

@: very quick, not resistant to hostile enchantments, extremely stealthy
A: unfitting armour, see invisible, herbivore 3, speed 3, slow metabolism 2
a: Renounce Religion, Evoke Invisibility


You were in the Dungeon.
You worshipped Dithmenos.
Dithmenos was noncommittal.
You were not hungry.

You visited 1 branch You collected 63 gold pieces.

Inventory:

Hand Weapons
 a - a +1 dagger (weapon)
Armour
 b - a +1 robe (worn)
 k - a +2 cloak of invisibility (worn)
Scrolls
 j - a scroll of blinking
Potions
 e - 2 potions of curing
 f - a potion of heal wounds
 g - a potion of haste
 h - 2 potions of magic
 i - 2 potions of berserk rage
Books
 c - a book of Maledictions

   Spells                             Type                      Level
   a - Corona                         Hexes                        1
   b - Ensorcelled Hibernation        Hexes/Ice                    2
   c - Confuse                        Hexes                        3
   d - Tukima's Dance                 Hexes                        3
   e - Dazzling Spray                 Conjuration/Hexes            3
Comestibles
 d - 2 bread rations


   Skills:
 * Level 1.1 Short Blades
 - Level 3.0 Dodging
 + Level 14.2 Stealth
 - Level 2.6 Spellcasting
 - Level 3.6 Hexes
 + Level 7.0 Evocations


You had 8 spell levels left.
You knew the following spells:

 Your Spells              Type           Power        Failure   Level  Hunger
a - Corona                Hex            ##.....      4%          1    #......


Dungeon Overview and Level Annotations

Branches:
Dungeon (1/1)

Altars:
Cheibriados
Dithmenos
Elyvilon
Gozag
Kikubaaqudgha
Makhleb
Nemelex Xobeh
Okawaru
Pakellas
Qazlal
Ru
Sif Muna
Trog
Vehumet
Xom
Yredelemnul
Zin
The Shining One
Beogh
Jiyva
Lugonu


Innate Abilities, Weirdness & Mutations

You are tiny and cannot use many weapons and most armour.
You have supernaturally acute eyesight.
You are a herbivore.
You cover ground extremely quickly.
You need consume almost no food.


Message History

The spriggan is lightly wounded.
The spriggan blocks your attack.
The spriggan is lightly wounded.
The spriggan hits you with a rapier.
You take 1 damage, and have 11/24 hp.
You closely miss the spriggan.
The spriggan is lightly wounded.
The spriggan hits you with a rapier.
You take 2 damage, and have 9/24 hp.
You completely miss the spriggan.
The spriggan is lightly wounded.
The spriggan closely misses you.
You miss the spriggan.
The spriggan is lightly wounded.
The spriggan misses you. The spriggan blocks your attack.
The spriggan is lightly wounded.
The spriggan hits you with a rapier!
Ouch! That really hurt!
You die...

#####################
#<..P#.....#.....#.⌠.
#PP.@i.....'.#.(.'._.
#PPPP#.....#.#%..#_._
###############'##._.
♣........+...#.⌠.
y....♣.....#...####
y.. ♣..♣..###### +
#+#####


You could see a spriggan.

Vanquished Creatures
  4 oklob saplings (D)
  A worker ant (D)
  A river rat (D)
  A rat (D)
7 creatures vanquished.

Notes
Turn   | Place    | Note
--------------------------------------------------------------
     0 | D        | Etesian the Spriggan Enchanter began the quest for the Orb.
     0 | D        | Reached XP level 1. HP: 9/9 MP: 5/5
    19 | D        | Reached skill level 5 in Stealth
    21 | D        | Reached skill level 7 in Stealth
    21 | D        | Reached XP level 2. HP: 6/13 MP: 6/6
   144 | D        | Noticed an oklob sapling
   146 | D        | Killed an oklob sapling
   146 | D        | Reached skill level 10 in Stealth
   146 | D        | Reached XP level 3. HP: 14/16 MP: 8/8
   189 | D        | Reached skill level 12 in Stealth
   211 | D        | Noticed an oklob sapling
   214 | D        | Killed an oklob sapling
   214 | D        | Reached XP level 4. HP: 21/21 MP: 9/9
   227 | D        | Noticed a queen bee
   238 | D        | Found a snail-covered altar of Cheibriados.
   238 | D        | Found a glowing silver altar of Zin.
   238 | D        | Found a white marble altar of Elyvilon.
   239 | D        | Found a viscous altar of Jiyva.
   239 | D        | Found a radiant altar of Vehumet.
   239 | D        | Found a deep blue altar of Sif Muna.
   239 | D        | Found a burning altar of Makhleb.
   239 | D        | Found an oddly glowing altar of Pakellas.
   239 | D        | Found an ancient bone altar of Kikubaaqudgha.
   239 | D        | Found a bloodstained altar of Trog.
   239 | D        | Found a corrupted altar of Lugonu.
   239 | D        | Found a sacrificial altar of Ru.
   240 | D        | Found a sparkling altar of Nemelex Xobeh.
   240 | D        | Found a glowing golden altar of the Shining One.
   241 | D        | Found a shadowy altar of Dithmenos.
   242 | D        | Found a shimmering altar of Xom.
   242 | D        | Found an iron altar of Okawaru.
   243 | D        | Found an opulent altar of Gozag.
   244 | D        | Found a roughly hewn altar of Beogh.
   244 | D        | Found a basalt altar of Yredelemnul.
   245 | D        | Reached skill level 13 in Stealth
   245 | D        | Reached skill level 5 in Evocations
   246 | D        | Found a stormy altar of Qazlal.
   260 | D        | Became a worshipper of Dithmenos the Shadowed
   268 | D        | Reached skill level 14 in Stealth
   268 | D        | Reached XP level 5. HP: 24/24 MP: 9/11
   319 | D        | Slain by a spriggan

Skill      XL: |  1  2  3  4 |
---------------+-------------+-----
Stealth        | 7 10 12 14 | 14.2
Evocations     | 3 7 |  7.0
Short Blades   | |  1.1
Dodging        | |  3.0
Spellcasting   | |  2.6
Hexes          | |  3.6

Action                   |  1- 3 |  4- 6 || total
-------------------------+-------+-------++-------
Melee: Dagger            |    17 |    18 ||    35
 Cast: Corona            |       |     1 ||     1
 Stab: Sleeping          |     3 |     2 ||     5
Armor: Robe              |     1 |       ||     1
Dodge: Dodged            |    13 |    10 ||    23
